 Dungeon Crawl Stone Soup version 0.31-a0-214-gb37851dbb3 (webtiles) character file.

Game seed: 5166311987683794498

1035 qw the Chopper (level 8, -2/49 HPs)
             Began as a Gargoyle Fighter on July 1, 2023.
             Slain by a troll (7 damage)
             ... on level 5 of the Dungeon.
             The game lasted 00:02:21 (4032 turns).

qw the Chopper (Gargoyle Fighter)                   Turns: 4032, Time: 00:02:21

Health: -2/49      AC: 17    Str: 25    XL:     8   Next: 24%
Magic:  8/8        EV: 13    Int:  9    God:
Gold:   174        SH:  4    Dex:  9    Spells: 7/7 levels left

rFire   . . .        Y - +2 war axe
rCold   + + +        c - +0 buckler
rNeg    + . .        i - +0 chain mail
rPois   inf          (no helmet)
rElec   +            k - +0 cloak
rCorr   .            m - +0 pair of gloves
SInv    +            (no boots)
Will    +....        (no amulet) Stlth
                     a - ring "Seacehu" {*Slow rC+++ EV+5 Str+3 SInv}
HPRegen 0.28/turn    j - ring of willpower
MPRegen 0.11/turn

%: slow self (1%)
@: about to teleport
A: sickness immunity, AC +5, negative energy resistance 1, electricity
resistance, torment resistance 1, petrification resistance
a: no special abilities


You were on level 5 of the Dungeon.
You visited 1 branch of the dungeon, and saw 5 of its levels.
You also visited: Sewer.

You collected 174 gold pieces.


Innate Abilities, Weirdness & Mutations

You are immune to sickness and miasma.
Your stone body is resilient. (AC +5)
You are immune to poison.
You resist negative energy. (rN+)
You are resistant to electric shocks. (rElec)
You are resistant to unholy torment.
You are immune to petrification.


   Skills:
 - Level 5.2 Fighting
 + Level 7.9 Axes
 - Level 3.2 Armour
 - Level 1.1 Dodging
 - Level 3.2 Shields


You had 7 spell levels left.
You didn't know any spells.
Your spell library was empty.

Inventory:

Hand Weapons
 b - a +0 flail
 Y - a +2 war axe (weapon)
Armour
 c - a +0 buckler (worn)
 i - a +0 chain mail (worn)
 k - a +0 cloak (worn)
 m - a +0 pair of gloves (worn)
Jewellery
 a - the ring "Seacehu" (left hand) {*Slow rC+++ EV+5 Str+3 SInv}
   (You acquired it on level 2 of the Dungeon)

   [ring of evasion]

   EV:        It affects your evasion (+5).
   Str:       It affects your strength (+3).
   rC:        It renders you almost immune to cold.
   SInv:      It lets you see invisible.
   *Slow:     It may slow you when you take damage.
 j - a ring of willpower (right hand)
Scrolls
 h - 2 scrolls of teleportation
Potions
 d - a potion of might
 e - 3 potions of curing
 f - 6 potions of enlightenment
 g - a potion of invisibility {unknown}
 l - a potion of haste {unknown}

Dungeon Overview and Level Annotations

Branches:
Dungeon (5/15)              Sewer (visited)
 Temple: D:4-7

Altars:
Ru


Message History

You barely miss the troll.
The troll is moderately wounded.
The troll bites you! The troll barely misses you.
The troll claws you but does no damage. You block the troll's attack.
The troll claws you but does no damage. The troll barely misses you.
You barely miss the troll.
The troll is moderately wounded.
The troll bites you. The troll completely misses you.
The troll barely misses you.
You hit the troll.
The troll is moderately wounded.
The troll bites you. The troll barely misses you.
The troll claws you but does no damage.
A jelly comes into view.
The jelly quivers.
You slash the troll!
The troll is heavily wounded.
An adder comes into view.
The troll barely misses you. The troll claws you but does no damage.
The troll barely misses you.
The adder hisses angrily.
You hit the troll.
The troll is heavily wounded.
You slash the orc!
You kill the orc!
The troll bites you! The troll claws you.
The troll claws you but does no damage.
You slash the troll!
The troll is severely wounded.
The troll closely misses you. The troll barely misses you.
The troll claws you but does no damage.
You barely miss the troll.
The troll is severely wounded.
The troll bites you but does no damage. The troll claws you but does no damage.
The troll claws you!
4032 ||| READING 3 scrolls of teleportation.
As you read the scroll of teleportation, it crumbles to dust.
You feel strangely unstable. The troll bites you!
You die...

..... ####+##.#'#
##.........#
...........#
..........)#
...........###########
.....'##......)#.....#
#.....#...J...###.#
##........ST@..##.#
#...######)#.###.#
##.......#.#.# #.#
#.#####.#.#.# #.#
#.....# #.#.# #.#
##.##.# #.#.# #.#
#.<#.# #.#.# #.#
+..#.# #.#.# #.#
#..#.# #.#.###.#


You could see a troll, a jelly and an adder.

Vanquished Creatures
  An ogre (D:5)
  A centaur (D:5)
  3 phantoms
  3 scorpions
  A hound (D:2)
  2 iguanas (D:4)
  A malarious merfolk avatar (Sewer)
  3 orc wizards
  A sickly merfolk siren (Sewer)
  7 adders
  5 gnolls (D:5)
  3 river rats (Sewer)
  2 ufetubi
  A dart slug (D:1)
  10 orcs
  6 ball pythons
  3 bats
  5 endoplasms
  8 giant cockroaches
  5 hobgoblins
  5 quokkas
  9 frilled lizards
  11 goblins
  9 kobolds
  31 rats
136 creatures vanquished.

Notes
Turn   | Place    | Note
-------+----------+-------------------------------------------
     0 | D:1      | qw the Gargoyle Fighter began the quest for the Orb.
     0 | D:1      | Reached XP level 1. HP: 14/14 MP: 1/1
     0 | D:1      | 0 ||| qw: Version: 0.3-a-32-g5962c71
     0 | D:1      | 0 ||| qw: Game counter: 7564
     0 | D:1      | 0 ||| qw: Melee chars always use a shield: true
     0 | D:1      | 0 ||| qw: God list: Okawaru
     0 | D:1      | 0 ||| qw: Allow faded altars: false
     0 | D:1      | 0 ||| qw: Do Orc after clearing Dungeon:15 true
     0 | D:1      | 0 ||| qw: Do second Lair branch before Depths: true
     0 | D:1      | 0 ||| qw: Lair rune preference: random
     0 | D:1      | 0 ||| qw: Goals: Normal, Zot:1-4, Slime:5, God:TSO, Crypt,
                  | Tomb, Abyss, Pan, Hells, Win
     0 | D:1      | 0 ||| PLANNING D:1-11
    37 | D:1      | Reached skill level 2 in Axes
    51 | D:1      | 51 ||| Stepping ~*~*~tactically~*~*~ (hiding).
    55 | D:1      | 55 ||| Stepping ~*~*~tactically~*~*~ (hiding).
    62 | D:1      | Reached XP level 2. HP: 19/19 MP: 2/2
   180 | D:1      | 180 ||| DROPPING +0 club.
   193 | D:1      | 193 ||| Stepping ~*~*~tactically~*~*~ (stealth).
   194 | D:1      | 194 ||| Stepping ~*~*~tactically~*~*~ (stealth).
   195 | D:1      | 195 ||| Stepping ~*~*~tactically~*~*~ (stealth).
   195 | D:1      | Found a faded altar of an unknown god.
   196 | D:1      | 196 ||| Stepping ~*~*~tactically~*~*~ (stealth).
   292 | D:1      | 292 ||| Stepping ~*~*~tactically~*~*~ (stealth).
   316 | D:1      | Reached skill level 3 in Axes
   372 | D:1      | Reached XP level 3. HP: 23/23 MP: 3/3
   392 | D:1      | 392 ||| Stepping ~*~*~tactically~*~*~ (hiding).
   550 | D:1      | 550 ||| Stepping ~*~*~tactically~*~*~ (stealth).
   704 | D:1      | 704 ||| DROPPING ring of flight.
   705 | D:1      | 705 ||| DROPPING ring of wizardry.
   706 | D:1      | 706 ||| READING scroll labelled CIUTSUERIJUA.
   799 | D:2      | Reached XP level 4. HP: 28/28 MP: 4/4
   820 | D:2      | 820 ||| Stepping ~*~*~tactically~*~*~ (hiding).
   827 | D:2      | Reached skill level 4 in Axes
   851 | D:2      | 851 ||| DROPPING +0 whip.
  1265 | D:2      | 1265 ||| UPGRADING to +0 cloak.
  1270 | D:2      | 1270 ||| READING scroll labelled JESOPP HETSAQ.
  1270 | D:2      | Identified a scroll of acquirement
  1270 | D:2      | 1270 ||| ACQUIRING ring "Seacehu" {*Slow rC+++ EV+5 Str+3
                  | SInv}
  1270 | D:2      | Acquired the ring "Seacehu" {*Slow rC+++ EV+5 Str+3 SInv}
  1272 | D:2      | 1272 ||| UPGRADING to ring "Seacehu" {*Slow rC+++ EV+5
                  | Str+3 SInv}.
  1273 | D:2      | 1273 ||| READING scroll labelled OVUAMY GIDUD.
  1277 | D:2      | 1277 ||| READING scroll labelled SAFAC QAMUM.
  1278 | D:2      | 1278 ||| READING scroll labelled EFRARI TICRI.
  1302 | D:3      | 1302 ||| PLANNING SEWER
  1375 | D:3      | Found a sacrificial altar of Ru.
  1376 | D:3      | 1376 ||| Stepping ~*~*~tactically~*~*~ (hiding).
  1612 | D:3      | Reached XP level 5. HP: 32/32 MP: 5/5
  1672 | D:3      | Found a glowing drain.
  1684 | D:3      | 1684 ||| READING scroll labelled UXAEDGH YPRUHE.
  1685 | D:3      | 1685 ||| DRINKING 2 orange potions.
  1707 | Sewer    | Entered a sewer
  1711 | Sewer    | 1711 ||| Stepping ~*~*~tactically~*~*~ (water).
  1759 | Sewer    | Reached skill level 5 in Axes
  1782 | Sewer    | 1782 ||| Stepping ~*~*~tactically~*~*~ (water).
  1831 | Sewer    | Reached skill level 1 in Dodging
  1943 | Sewer    | 1943 ||| Stepping ~*~*~tactically~*~*~ (stealth).
  1956 | Sewer    | 1956 ||| Stepping ~*~*~tactically~*~*~ (stealth).
  1968 | Sewer    | 1968 ||| Stepping ~*~*~tactically~*~*~ (water).
  1985 | Sewer    | Reached XP level 6. HP: 38/38 MP: 6/6
  2038 | Sewer    | 2038 ||| Stepping ~*~*~tactically~*~*~ (water).
  2046 | Sewer    | 2046 ||| Stepping ~*~*~tactically~*~*~ (water).
  2151 | Sewer    | 2151 ||| UPGRADING to ring of willpower.
  2202 | D:3      | 2202 ||| PLANNING D:1-11
  2760 | D:4      | 2760 ||| Stepping ~*~*~tactically~*~*~ (hiding).
  2814 | D:4      | 2814 ||| Stepping ~*~*~tactically~*~*~ (stealth).
  2819 | D:4      | 2819 ||| Stepping ~*~*~tactically~*~*~ (stealth).
  2995 | D:4      | 2995 ||| DROPPING +3 whip.
  3097 | D:4      | Reached skill level 6 in Axes
  3097 | D:4      | Reached XP level 7. HP: 33/44 MP: 7/7
  3138 | D:4      | 3138 ||| Stepping ~*~*~tactically~*~*~ (hiding).
  3344 | D:4      | 3344 ||| READING scroll of enchant weapon.
  3344 | D:4      | 3344 ||| ENCHANTING +1 war axe.
  3439 | D:4      | 3439 ||| UPGRADING to +0 chain mail.
  3449 | D:4      | 3449 ||| DROPPING +0 scale mail.
  3450 | D:4      | 3450 ||| UPGRADING to +0 pair of gloves.
  3455 | D:4      | 3455 ||| READING 2 scrolls labelled ZUUJIA FOSTYS.
  3456 | D:4      | 3456 ||| DROPPING scroll of poison.
  3474 | D:5      | Entered Level 5 of the Dungeon
  3508 | D:5      | 3508 ||| Stepping ~*~*~tactically~*~*~ (hiding).
  3518 | D:5      | Reached skill level 7 in Axes
  3531 | D:5      | 3531 ||| FLEEEEING.
  3532 | D:5      | 3532 ||| FLEEEEING.
  3533 | D:5      | 3533 ||| FLEEEEING.
  3534 | D:5      | 3534 ||| FLEEEEING.
  3535 | D:5      | 3535 ||| FLEEEEING.
  3536 | D:5      | 3536 ||| FLEEEEING.
  3537 | D:5      | 3537 ||| FLEEEEING.
  3538 | D:5      | 3538 ||| FLEEEEING.
  3539 | D:5      | 3539 ||| FLEEEEING.
  3540 | D:5      | 3540 ||| FLEEEEING.
  3541 | D:5      | 3541 ||| FLEEEEING.
  3542 | D:5      | 3542 ||| FLEEEEING.
  3543 | D:5      | 3543 ||| FLEEEEING.
  3544 | D:5      | 3544 ||| FLEEEEING.
  3545 | D:5      | 3545 ||| FLEEEEING.
  3546 | D:5      | 3546 ||| FLEEEEING.
  3547 | D:5      | 3547 ||| FLEEEEING.
  3548 | D:5      | 3548 ||| FLEEEEING.
  3549 | D:5      | 3549 ||| FLEEEEING.
  3550 | D:5      | 3550 ||| FLEEEEING.
  3551 | D:5      | 3551 ||| STAIRDANCE
  3722 | D:5      | 3722 ||| Stepping ~*~*~tactically~*~*~ (stealth).
  3735 | D:5      | Reached XP level 8. HP: 49/49 MP: 8/8
  3735 | D:5      | 3735 ||| DROPPING +0 mace.
  3790 | D:5      | 3790 ||| Stepping ~*~*~tactically~*~*~ (hiding).
  3791 | D:5      | 3791 ||| Stepping ~*~*~tactically~*~*~ (hiding).
  3792 | D:5      | 3792 ||| Stepping ~*~*~tactically~*~*~ (hiding).
  3811 | D:5      | HP: 12/49 [centaur/arrow (16)]
  3812 | D:5      | 3812 ||| READING 4 scrolls of teleportation.
  3955 | D:5      | 3955 ||| Stepping ~*~*~tactically~*~*~ (hiding).
  3956 | D:5      | 3956 ||| Stepping ~*~*~tactically~*~*~ (hiding).
  4015 | D:5      | Noticed a troll
  4031 | D:5      | HP: 4/49 [troll (11)]
  4032 | D:5      | 4032 ||| READING 3 scrolls of teleportation.
  4032 | D:5      | Slain by a troll

Levels and vault maps discovered:
D:1:      dpeg_arrival_yet_another_circle, layout_rooms,
          hellmonk_ecumenical_altar_arch_garden, palyth_stone_intersect,
          minmay_pentomino_v2
D:2:      layout_loops_ring
D:3:      layout_basic, nicolae_ru_great_annihilating_truth,
          gup_sewer_entry_glass, nicolae_elevator_lobby_asterisk
D:4:      layout_basic
D:5:      layout_basic, nicolae_kikubaaqudgha_miasma_corner,
          minmay_temple_entry_hall, minmay_divided_ellipse

Skill      XL: |  1  2  3  4  5  6  7 |
---------------+----------------------+-----
Axes           | 2 3 4 5 6 7 |  7.9
Dodging        | 1 |  1.1
Fighting       | 4 5 |  5.2
Armour         | |  3.2
Shields        | |  3.2

Action                     |  1- 3 |  4- 6 |  7- 9 || total
---------------------------+-------+-------+-------++-------
  Melee: War axe           |    73 |   218 |    95 ||   386
    Use: Scroll            |     1 |     5 |     4 ||    10
         Potion            |       |     1 |       ||     1
   Stab: Paralysed         |       |     1 |       ||     1
 Armour: Scale mail        |    28 |    73 |     6 ||   107
         Chain mail        |       |       |    46 ||    46
  Dodge: Dodged            |    28 |   149 |    76 ||   253
  Block: Buckler           |     8 |    41 |    19 ||    68

Table legend:
 A = Non-vault XP
 B = Vault XP
 C = Vault XP percentage of total XP
 D = Non-vault monster count
 E = Vault monster count
 F = Vault count percentage of total count
                 A         B        C        D         E       F
            +---------+---------+-------+---------+---------+-------
      Total |    1110 |     369 |  24.9 |      84 |      52 |  38.2
            +---------+---------+-------+---------+---------+-------
        D:1 |      47 |       4 |   7.8 |      31 |       2 |   6.1
        D:2 |      58 |       0 |   0.0 |       9 |       0 |   0.0
        D:3 |      21 |      82 |  79.6 |       5 |       9 |  64.3
        D:4 |     545 |       0 |   0.0 |      24 |       0 |   0.0
        D:5 |     439 |     112 |  20.3 |      15 |       2 |  11.8
      Sewer |       0 |     171 | 100.0 |       0 |      39 | 100.0
            +---------+---------+-------+---------+---------+-------
